 Dungeon Crawl Stone Soup version 0.31-a0-971-g75a2e9a4b4 (webtiles) character file.

Game seed: 2133583528315851885

98 BinkBink the Insei (level 4, -5/30 HPs)
             Began as an Octopode Shapeshifter on Oct 28, 2023.
             Slain by a gnoll
             ... wielding a +0 halberd
             ... led by a gnoll bouda
              (11 damage)
             ... on level 3 of the Dungeon.
             The game lasted 00:01:44 (1936 turns).

BinkBink the Insei (Octopode Shapeshifter)          Turns: 1936, Time: 00:01:46

Health: -5/30      AC:  1    Str: 13    XL:     4   Next: 69%
Magic:  4/4        EV: 13    Int: 12    God:
Gold:   118        SH:  0    Dex: 13    Spells: 3/3 levels left

rFire   . .          .
                       - Unarmed
rCold   . . .        (no shield)
rNeg    . . .        (helmet currently unavailable)
rPois   .            (no amulet)
rElec   .            (no ring)
rCorr   .            (no ring)
SInv    .            (no ring)
Will    .....        (no ring)
Stlth   ++           (no ring)
HPRegen 0.25/turn    (no ring)
MPRegen 0.09/turn    (no ring)
                     (no ring)

%: no passive effects
@: beast-form, weakened
A: beast (slay +1), almost no armour, amphibious, 8 rings, camouflage 1,
gelatinous body 1, (nimble swimmer 1), tentacles
a: Begin Untransformation


You were on level 3 of the Dungeon.
You were a hulking beast.
You visited 1 branch of the dungeon, and saw 3 of its levels.

You collected 118 gold pieces.

Inventory:

Jewellery
 f - an amulet of guardian spirit
Talismans
 b - a beast talisman (active)
 c - a flux talisman
Scrolls
 g - a scroll of vulnerability {unknown}
 i - a scroll of enchant armour {unknown}
 j - a scroll of noise {unknown}
 k - a scroll of teleportation {unknown}
 n - a scroll of identify {unknown}
Potions
 a - a potion of lignification
 d - a potion of haste {unknown}
 e - a potion of curing
 h - a potion of invisibility {unknown}
 l - a potion of attraction {unknown}
 m - a potion of might {unknown}


   Skills:
 * Level 2.3 Fighting
 * Level 3.0 Dodging
 * Level 3.7 Unarmed Combat
 + Level 3.3 Shapeshifting


You had 3 spell levels left.
You didn't know any spells.
Your spell library contained the following spells:

 Spells                   Type           Power      Damage    Failure   Level
 Foxfire                  Conj/Fire      0%         2x1d4     32%         1
 Tukima's Dance           Hex            0%         N/A       69%         3
 Vampiric Draining        Necr           0%         2d6       69%         3
 Plasma Beam              Fire/Air       0%         2x1d10    100%        6
 Starburst                Conj/Fire      0%         6d3       100%        6


Dungeon Overview and Level Annotations

Branches:
Dungeon (3/15)

Altars:


Innate Abilities, Weirdness & Mutations

You are a hulking beast.
Your limbs bulge with bestial killing power. (Slay +1)
You cannot wear most types of armour.
You are amphibious.
You can wear up to eight rings at the same time.
Your skin changes colour to match your surroundings (Stealth+).
Your rubbery body absorbs attacks. (AC +1, EV +1)
((You are camouflaged when in or above water. (Stealth+)))
You have tentacles for arms and can constrict up to eight enemies at once.


Message History

There are monsters nearby!
There are monsters nearby!
There are monsters nearby! 2 gnolls come into view.
A gnoll is wielding a +0 halberd.
A gnoll is wielding a +1 spear of flaming.
The gnoll shouts! x2
The gnoll shouts!
The gnoll completely misses you.
You tentacle-slap the gnoll bouda but do no damage.
You grab the gnoll bouda. You squeeze the gnoll bouda.
The gnoll bouda is moderately wounded.
You constrict the gnoll bouda, but do no damage.
You bludgeon the gnoll bouda! You squeeze the gnoll bouda.
The gnoll bouda is almost dead.
You constrict the gnoll bouda.
The gnoll bouda gazes fiercely through you!
You feel your attacks grow feeble. The gnoll bouda barely misses you.
The gnoll closely misses you.
You tentacle-slap the gnoll bouda. You squeeze the gnoll bouda.
You kill the gnoll bouda!
The gnoll hits you from afar with a +0 halberd!
Ouch! That really hurt!
Your Dodging skill increases to level 3!
You are too injured to fight recklessly!
You are too injured to fight recklessly!
You are too injured to fight recklessly!
Unknown command.
It was a potion of curing.
You feel better. The gnoll closely misses you.
The gnoll hits you from afar with a +1 spear of flaming!
The gnoll burns you. The gnoll hits you with a +0 halberd!
* * * LOW HITPOINT WARNING * * *
Things that are here:
a +0 club; a +0 robe You feel better.
The gnoll hits you from afar with a +1 spear of flaming!
* * * LOW HITPOINT WARNING * * *
The gnoll burns you.
* * * LOW HITPOINT WARNING * * *
The gnoll hits you with a +0 halberd!
You die...

# ##. ... ..
#####g#########
.....ggh......#
......######.##
##### #.# #.#
#.# #######.#
#.......#
#.#######
########## #.#


You could see 3 gnolls.

Vanquished Creatures
  A gnoll bouda (D:3)
  2 adders (D:2)
  2 dart slugs (D:1)
  An orc (D:3)
  4 ball pythons
  3 endoplasms (D:1)
  A giant cockroach (D:1)
  4 hobgoblins
  2 jackals (D:1)
  4 quokkas
  6 bats
  6 frilled lizards
  3 goblins
  3 kobolds
  3 rats (D:1)
45 creatures vanquished.

Notes
Turn   | Place    | Note
-------+----------+-------------------------------------------
     0 | D:1      | BinkBink the Octopode Shapeshifter began the quest for the
                  | Orb.
     0 | D:1      | Reached XP level 1. HP: 13/13 MP: 1/1
    69 | D:1      | Reached XP level 2. HP: 18/18 MP: 2/2
   389 | D:1      | Got Tenies's Anthology of Enthralling Corpses
   725 | D:1      | Reached XP level 3. HP: 24/24 MP: 3/3
  1353 | D:2      | Reached XP level 4. HP: 26/29 MP: 4/4
  1936 | D:3      | Slain by a gnoll

Illustrated notes

Levels and vault maps discovered:
D:1:      dpeg_arrival_chambers_temple_mockup, layout_loops_corners,
          chequers_serial_rivers_room_b
D:2:      layout_basic
D:3:      layout_basic

Skill      XL: |  1  2  3  4 |
---------------+-------------+-----
Fighting       | 2 |  2.3
Dodging        | 3 |  3.0
Unarmed Combat | |  3.7
Shapeshifting  | |  3.3

Action                     |  1- 3 |  4- 6 || total
---------------------------+-------+-------++-------
  Melee: Unarmed           |    61 |    13 ||    74
         Constrict         |    14 |     4 ||    18
         Punch             |     3 |       ||     3
         Tentacles         |     4 |     4 ||     8
    Use: Potion            |       |     2 ||     2
   Stab: Sleeping          |     6 |     3 ||     9
 Armour: Skin              |    19 |     9 ||    28
  Dodge: Dodged            |    28 |     8 ||    36
   Form: Beast             |     1 |       ||     1

Table legend: (Time is in decaauts)
 A = Elapsed time spent in this place.
 B = Non-inter-level travel time spent in this place.
 C = Inter-level travel time spent in this place.
 D = Time resting spent in this place.
 E = Time spent auto-exploring this place.
 F = Levels seen in this place.
 G = Mean time per level.
                   A        B        C        D        E       F      G
               +--------+--------+--------+--------+--------+-----+--------+
         Total |   1931 |   1839 |     92 |      0 |   1565 |   3 |  643.7 |
       Dungeon |   1931 |   1839 |     92 |      0 |   1565 |   3 |  643.7 |
               +--------+--------+--------+--------+--------+-----+--------+

Top non-repeatable levels by time:
     D:1: 1109 daAuts
     D:2: 757 daAuts
     D:3: 64 daAuts
